 Dungeon Crawl Stone Soup version 0.28.0-53-g5a82cb258f (webtiles) character file.

Game seed: 14914511269523262445

572 safid the Cleaver (level 7, -2/54 (59) HPs)
             Began as a Hill Orc Fighter on Aug 4, 2022.
             Slain by a wight
             ... wielding a +0 flail
              (7 damage)
             ... on level 4 of the Dungeon.
             The game lasted 00:06:39 (4386 turns).

safid the Cleaver (Hill Orc Fighter)                Turns: 4386, Time: 00:06:39

HP:   -2/54 (59)    AC:  9    Str: 21    XL:     7   Next: 34%
MP:   7/7           EV:  9    Int:  8    God:
Gold: 58            SH:  4    Dex: 10    Spells: 6/6 levels left

rFire   . . .      SeeInvis .   a - +0 war axe
rCold   + . .      Faith    .   c - +0 buckler
rNeg    . . .      Spirit   .   b - +0 scale mail
rPois   .          Reflect  .   m - +0 helmet
rElec   .          Harm     .   (no cloak)
rCorr   .          Rampage  .   j - +0 pair of gloves
Will    .....                   (no boots)
Stlth   ..........              (no amulet)
HPRegen 0.18/turn               d - ring of protection from cold
MPRegen 0.10/turn               (no ring)

@: mighty, drained
A: no striking features
a: no special abilities


You were on level 4 of the Dungeon.
You visited 1 branch of the dungeon, and saw 5 of its levels.

You collected 124 gold pieces.
You spent 66 gold pieces at shops.

Inventory:

Hand Weapons
 a - a +0 war axe (weapon)
 s - the +11 hunting sling of Corruption {vorpal, Drain rC++ rN+++ Str-5}
   (You found it on level 3 of the Dungeon)

   Any ammunition fired from it inflicts extra damage upon your enemies.
   Str:       It affects your strength (-5).
   rC:        It greatly protects you from cold.
   rN:        It renders you almost immune to negative energy.
   Drain:     It drains your maximum health when unequipped.
Missiles
 i - a javelin (quivered)
 z - 5 poisoned darts
Armour
 b - a +0 scale mail (worn)
 c - a +0 buckler (worn)
 j - a +0 pair of gloves (worn)
 m - a +0 helmet (worn)
Jewellery
 d - a ring of protection from cold (left hand)
Wands
 y - a wand of acid (7)
Scrolls
 f - a scroll of holy word {unknown}
 g - a scroll of fear {unknown}
 h - 3 scrolls of identify {unknown}
 k - a scroll of enchant weapon {unknown}
 l - 3 scrolls of teleportation {unknown}
 n - a scroll of enchant armour {unknown}
 o - a scroll of immolation {unknown}
 q - a scroll of fog {unknown}
 u - 4 scrolls of blinking {unknown}
 w - a scroll of noise {unknown}
Potions
 p - a potion of flight {unknown}
 r - 2 potions of curing
 t - a potion of mutation {unknown}
 v - a potion of cancellation {unknown}
 x - a potion of degeneration {unknown}


   Skills:
 - Level 4.0 Fighting
 + Level 9.4 Axes
 - Level 4.0 Armour
 - Level 4.0 Shields


You had 6 spell levels left.
You didn't know any spells.
Your spell library contained the following spells:

 Spells                   Type           Power      Damage    Failure   Level
 Sandblast                Erth           0%         2d4       83%         1
 Passwall                 Tmut/Erth      0%         N/A       92%         2
 Inner Flame              Hex/Fire       0%         N/A       99%         3
 Stone Arrow              Conj/Erth      0%         3d7       99%         3
 Summon Guardian Golem    Hex/Summ       0%         N/A       99%         3
 Cause Fear               Hex            0%         N/A       100%        4
 Malign Gateway           Summ/Tloc      0%         N/A       100%        7
 Orb of Destruction       Conj           0%         9d5       100%        7
 Spellforged Servitor     Conj/Summ      0%         N/A       100%        7
 Discord                  Hex            0%         N/A       100%        8
 Summon Horrible Things   Summ           0%         N/A       100%        8


Dungeon Overview and Level Annotations

Branches:
Dungeon (5/15)
 Temple: D:4-7

Altars:
Ashenzari
Dithmenos
Fedhas
Gozag
Kikubaaqudgha
Makhleb
Trog
Zin

Shops:
D:3 !!!(


Message History

You block the black bear's attack. x2
The black bear claws you but does no damage.
The wight closely misses you. The wight barely misses you.
Unknown command.
You closely miss the wight. You slash the black bear!
You closely miss the wight.
The black bear bites you but does no damage.
The black bear closely misses you. The black bear barely misses you.
You block the wight's attack. The wight hits you with a +5 falchion.
Unknown command.
You closely miss the black bear.
The black bear is severely wounded.
You hit the wight. x2
The black bear bites you but does no damage.
The black bear claws you but does no damage.
The black bear claws you. The wight hits you with a +0 flail!
* * * LOW HITPOINT WARNING * * *
You feel drained.
* * * LOW HITPOINT WARNING * * *
The wight barely misses you.
You hit the black bear but do no damage.
The black bear is severely wounded.
You hit the wight but do no damage. You barely miss the wight.
The black bear closely misses you. The black bear barely misses you.
The black bear closely misses you. The wight hits you with a +0 flail.
* * * LOW HITPOINT WARNING * * *
The wight hits you with a +5 falchion.
* * * LOW HITPOINT WARNING * * *
You feel better. The black bear bites you!
* * * LOW HITPOINT WARNING * * *
The black bear claws you.
* * * LOW HITPOINT WARNING * * *
The black bear claws you but does no damage.
The wight closely misses you. The wight hits you with a +5 falchion.
* * * LOW HITPOINT WARNING * * *
You feel very mighty all of a sudden. The black bear closely misses you. x2
The black bear claws you but does no damage.
The wight hits you with a +0 flail!
You die...

#.......#####....#..............
##.......###....####....##.......
<#....................####......#
........<.....##.##....#####.....
..........##.......##...# #....##
.........##.........#..####....#.
.........##.........#..........#.
.........#.....z.z...............
...........)..#.@h....[...#......
.........#..###..[........##.....
.........##.#....................
.........#####...###......###...#
[#####...###...#......##.#.......
## ######...####...###.........
##..#...## #...##.......##.
#........####..###.........
#..........#...# ##..##.##.


You could see a black bear and 2 wights.

Vanquished Creatures
  Duvessa (D:4)
  An ogre (D:4)
  Dowan (D:4)
  A wight (D:4)
  A jelly (D:4)
  Natasha (twice) (D:2)
  An orc wizard (D:3)
  A hound skeleton (D:4)
  Robin (D:2)
  A howler monkey skeleton (D:3)
  3 adders
  A worm (D:3)
  4 dart slugs
  9 orcs
  8 endoplasms
  3 giant cockroaches
  13 goblins
  10 hobgoblins
  2 jackals (D:4)
  8 kobolds
  7 quokkas
  10 ball pythons
  6 bats
  4 frilled lizards
  8 rats
107 creatures vanquished.

Notes
Turn   | Place    | Note
-------+----------+-------------------------------------------
     0 | D:1      | safid the Hill Orc Fighter began the quest for the Orb.
     0 | D:1      | Reached XP level 1. HP: 19/19 MP: 1/1
   171 | D:1      | Reached XP level 2. HP: 27/27 MP: 2/2
   192 | D:1      | Reached skill level 3 in Axes
  1009 | D:1      | Found a faded altar of an unknown god.
  1203 | D:2      | Noticed Robin
  1204 | D:2      | Reached XP level 3. HP: 33/33 MP: 3/3
  1217 | D:2      | Killed Robin
  1221 | D:2      | HP: 1/33 [poisoned by Robin]
  1554 | D:2      | Reached XP level 4. HP: 40/40 MP: 4/4
  1842 | D:2      | Noticed Natasha
  1848 | D:2      | Killed Natasha
  1849 | D:2      | Reached skill level 4 in Axes
  2109 | D:2      | Noticed Natasha
  2114 | D:2      | Killed Natasha
  2115 | D:2      | Reached skill level 5 in Axes
  2115 | D:2      | Reached XP level 5. HP: 36/46 MP: 5/5
  2358 | D:3      | Found Ikhlik's Distillery.
  2372 | D:3      | Bought a potion of curing for 30 gold pieces
  2422 | D:3      | Identified the +11 hunting sling of Corruption {vorpal,
                  | Drain rC++ rN+++ Str-5}
  2539 | D:3      | Found Madwicka's Distillery.
  2566 | D:3      | Found a broken altar of Ashenzari.
  2606 | D:3      | Found an opulent altar of Gozag.
  2643 | D:3      | Reached skill level 6 in Axes
  2809 | D:3      | Found Borch's Distillery.
  2816 | D:3      | Bought a potion of curing for 36 gold pieces
  2840 | D:3      | Found Husijefige's Antique Weapon Emporium.
  2897 | D:3      | Found a burning altar of Makhleb.
  2945 | D:3      | Found a blossoming altar of Fedhas.
  3199 | D:3      | Found an ancient bone altar of Kikubaaqudgha.
  3322 | D:4      | Found a bloodstained altar of Trog.
  3323 | D:4      | Noticed an ogre
  3330 | D:4      | Killed an ogre
  3331 | D:4      | Reached skill level 7 in Axes
  3331 | D:4      | Reached XP level 6. HP: 47/52 MP: 6/6
  3580 | D:4      | Noticed Duvessa
  3586 | D:4      | Noticed Dowan
  3597 | D:4      | Killed Duvessa
  3598 | D:4      | Reached skill level 8 in Axes
  3598 | D:4      | Reached XP level 7. HP: 5/59 MP: 7/7
  3615 | D:4      | Killed Dowan
  3670 | D:4      | Reached skill level 9 in Axes
  4071 | D:4      | Found a shadowy altar of Dithmenos.
  4076 | D:4      | Found a glowing silver altar of Zin.
  4223 | D:5      | Entered Level 5 of the Dungeon
  4386 | D:4      | Slain by a wight

Illustrated notes

Levels and vault maps discovered:
D:1:      grunt_arrival_crossed_arrows, layout_basic,
          hellmonk_ecumenical_altar_leap_of_faith, minmay_distorted
D:2:      minmay_wonky_spiral, layout_loops_ring,
          minmay_misc_feat_secret_circle,
          nicolae_concentric_dashed_squares_wild, minmay_ruptured, uniq_natasha,
          uniq_robin
D:3:      layout_loops_cross, lemuel_round_altar,
          chequers_temple_overflow_statue_of_worship, mainiacjoe_overflow_swirl,
          serial_shops, nicolae_shop_crystal, nicolae_shop_statue_plus, shop,
          shop
D:4:      layout_cave_pools, overflow_temple_1_default,
          mainiacjoe_overflow_big_doors, uniq_duvessa
D:5:      layout_rooms, nemelex_spade_bored_becter,
          minmay_temple_entry_junction_2

Skill      XL: |  1  2  3  4  5  6  7 |
---------------+----------------------+-----
Axes           | 3 5 7 8 9 |  9.4
Fighting       | 4 |  4.0
Armour         | 4 |  4.0
Shields        | 4 |  4.0

Action                   |  1- 3 |  4- 6 |  7- 9 || total
-------------------------+-------+-------+-------++-------
Melee: War axe           |    78 |   179 |    37 ||   294
Throw: Javelin           |       |     3 |     5 ||     8
  Use: Potion            |     2 |     1 |     4 ||     7
Armor: Scale mail        |    40 |    86 |    25 ||   151
Dodge: Dodged            |    42 |    67 |    29 ||   138
Block: Buckler           |    27 |    34 |     9 ||    70
